 Dungeon Crawl Stone Soup version 0.28.0-47-ge53b351184 (webtiles) character file.

Game seed: 2564419751345366075

83223 pkoi the Slicer (level 14, -2/121 HPs)
             Began as a Demigod Delver on May 1, 2022.
             Killed by divine providence
             ... invoked by a meliai
              (16 damage)
             ... on level 1 of the Spider Nest.
             The game lasted 01:08:33 (37949 turns).

pkoi the Slicer (Demigod Delver)                   Turns: 37949, Time: 01:08:34

Health: -2/121     AC: 11    Str: 13    XL:     14   Next: 92%
Magic:  0/39       EV: 17    Int: 39    God:
Gold:   1658       SH:  0    Dex: 15    Spells: 2/27 levels left

rFire   + . .      SeeInvis .   k - +10 rapier of a Hundred Deaths {drain, rPois rF+ Int+6 Stlth+}
rCold   . . .      Faith    .   (no shield)
rNeg    . . .      Spirit   +   H - +0 steam dragon scales
rPois   +          Reflect  .   T - +3 hat of Pondering {ponderous, Will+ MP+10 Int+5}
rElec   .          Harm     .   S - scarf {shadows}
rCorr   .          Rampage  .   r - +0 pair of gloves
Will    ++...                   z - +0 pair of boots
Stlth   ++++++....              y - amulet of guardian spirit
HPRegen 0.30/turn               J - +4 ring of evasion
MPRegen 0.26/turn               R - ring of flight

@: flying, slow
A: high MP 1, forlorn, divine attributes
a: no special abilities


You were on level 1 of the Spider Nest.
You visited 4 branches of the dungeon, and saw 23 of its levels.
You also visited: Gauntlet.

You collected 1808 gold pieces.
You spent 150 gold pieces at shops.

Inventory:

Hand Weapons
 k - the +10 rapier of a Hundred Deaths (weapon) {drain, rPois rF+ Int+6 Stlth+}
   (You found it on level 3 of the Dungeon)

   A truly terrible weapon, it drains the life of any living foe it strikes.
   Int:       It affects your intelligence (+6).
   rF:        It protects you from fire.
   rPois:     It protects you from poison.
   Stlth:     It makes you more stealthy.
Missiles
 a - 12 curare-tipped darts
 C - 3 throwing nets
 O - 18 poisoned darts (quivered)
Armour
 r - a +0 pair of gloves (worn)
 z - a +0 pair of boots (worn)
 H - +0 steam dragon scales (worn)
 K - an orb of light
 S - a scarf of shadows (worn)
 T - the +3 hat of Pondering (worn) {ponderous, Will+ MP+10 Int+5}
   (You took it off Gastronok on level 12 of the Dungeon)

   Int:       It affects your intelligence (+5).
   MP:        It affects your magic capacity (+10).
   Will:      It increases your willpower.
Jewellery
 p - an amulet of magic regeneration
 s - a ring of resist corrosion
 y - an amulet of guardian spirit (around neck)
 A - a ring of ice
 D - a ring of positive energy
 J - a +4 ring of evasion (left hand)
 L - a ring of poison resistance
 R - a ring of flight (right hand)
 U - an amulet of regeneration
Wands
 f - a wand of digging (13)
 u - a wand of polymorph (32)
 B - a wand of flame (11)
 I - a wand of iceblast (9)
 M - a wand of paralysis (7)
Scrolls
 b - 4 scrolls of fog
 c - 3 scrolls of magic mapping
 d - 4 scrolls of fear
 h - a scroll of holy word
 j - a scroll of identify
 m - a scroll of brand weapon
 t - 2 scrolls of silence
 v - 6 scrolls of enchant armour
 x - 3 scrolls of amnesia
 F - 4 scrolls of teleportation
 G - 8 scrolls of enchant weapon
Potions
 e - 5 potions of haste
 i - 7 potions of curing
 l - a potion of cancellation
 n - a potion of berserk rage
 o - 5 potions of heal wounds
 q - 2 potions of resistance
 E - 3 potions of ambrosia
 N - a potion of flight
 P - 4 potions of magic
 Q - 4 potions of might
 V - a potion of brilliance
Miscellaneous
 g - a condenser vane


   Skills:
 - Level 10.0 Fighting
 + Level 13.1 Short Blades
 - Level 4.0 Armour
 - Level 4.0 Dodging
 - Level 11.0 Stealth
 + Level 6.9 Unarmed Combat
 + Level 7.3 Spellcasting
 + Level 1.0 Conjurations
 - Level 4.0 Hexes
 + Level 4.7 Transmutations
 - Level 3.0 Fire Magic
 + Level 3.4 Ice Magic
 + Level 4.4 Air Magic
 - Level 4.3 Earth Magic
 - Level 6.0 Poison Magic
 - Level 6.0 Evocations


You had 2 spell levels left.
You knew the following spells:

 Your Spells              Type           Power      Damage    Failure   Level
a - Poisonous Vapours     Pois/Air       100%       N/A       1%          2
b - Swiftness             Air            48%        N/A       1%          3
c - Ensorcelled Hibernat  Hex/Ice        86%        N/A       1%          2
d - Passwall              Tmut/Erth      40%        N/A       1%          2
e - Ignite Poison         Fire/Tmut/Pois 50%        N/A       1%          3
f - Olgreb's Toxic Radia  Pois           57%        N/A       1%          4
g - Summon Lightning Spi  Summ/Air       31%        N/A       10%         4
h - Freezing Cloud        Conj/Ice/Air   18%        6-21      21%         5

Your spell library contained the following spells:

 Spells                   Type           Power      Damage    Failure   Level
 Slow                     Hex            100%       N/A       1%          1
 Corpse Rot               Necr/Air       62%        N/A       1%          2
 Confusing Touch          Hex            45%        N/A       1%          3
 Inner Flame              Hex/Fire       41%        N/A       1%          3
 Mephitic Cloud           Conj/Pois/Air  44%        N/A       1%          3
 Tukima's Dance           Hex            45%        N/A       1%          3
 Petrify                  Tmut/Erth      49%        N/A       3%          4
 Cause Fear               Hex            22%        N/A       4%          4
 Gell's Gravitas          Tloc           14%        N/A       8%          3
 Lesser Beckoning         Tloc           14%        N/A       8%          3
 Teleport Other           Tloc           14%        N/A       8%          3
 Vampiric Draining        Necr           14%        2d7       8%          3
 Anguish                  Hex/Necr       14%        N/A       11%         4
 Metabolic Englaciation   Hex/Ice        21%        N/A       16%         5
 Statue Form              Tmut/Erth      32%        N/A       52%         6
 Storm Form               Tmut/Air       24%        N/A       97%         7
 Enfeeble                 Hex            22%        N/A       99%         7
 Ozocubu's Refrigeration  Ice            20%        4d9       99%         7
 Borgnjor's Revivificati  Necr           7%         N/A       100%        8
 Discord                  Hex            22%        N/A       100%        8
 Ignition                 Fire           18%        3d7       100%        8
 Maxwell's Capacitive Co  Air            24%        ∞         100%        8
 Necromutation            Tmut/Necr      16%        N/A       100%        8
 Death's Door             Necr           7%         N/A       100%        9


Dungeon Overview and Level Annotations

Branches:
Dungeon (15/15)            Temple (0/1) D:6            Lair (6/6) D:8
  Swamp (1/4) Lair:3       Spider (1/4) Lair:3        Slime (0/5) Lair:6
    Orc (0/2) D:10         Vaults (0/5) D:13         Depths (0/4) D:15
Gauntlet (visited)

Shops:
D:7 [   D:15 !

Annotations:
D:3 1 runed translucent door, Crazy Yiuf
D:14 Roxanne
Lair:6 1 runed translucent door, exclusion: 3 oklob plants, Yqaomuips's ghost, journeyman OpVM
Spider:1 Mlioglotl


Innate Abilities, Weirdness & Mutations

You have an increased reservoir of magic. (+10% MP)
You shall have no god before yourself.
Your divine heritage dramatically boosts your attributes as you level up.


Message History

The meliai invokes the aid of its god against you.
Something smites you!
* * * LOW HITPOINT WARNING * * *
The meliai calls upon its god to heal the meliai.
The meliai is healed somewhat.
Unknown command.
The web tears apart.
The meliai looks even sicker.
Your toxic aura wanes.
The meliai invokes the aid of its god against you.
Something smites you!
* * * LOW HITPOINT WARNING * * *
The meliai invokes the aid of its god against you.
Something smites you!
* * * LOW HITPOINT WARNING * * *
A wolf spider comes into view.
You hear a shout!
The meliai hits you with a +0 broad axe!
* * * LOW HITPOINT WARNING * * *
The meliai barely misses you.
The meliai calls upon its god to heal the meliai.
The meliai is healed somewhat.
The meliai hits you with a +0 broad axe.
* * * LOW HITPOINT WARNING * * *
The meliai stings you but does no damage.
You see here a +0 quarterstaff.
You kill the meliai!
The meliai closely misses you. x2
You feel a bit more experienced.
The meliai calls down the wrath of its god upon you.
Something smites you!
* * * LOW HITPOINT WARNING * * *
Mlioglotl, the Unformed Horror comes into view.
The meliai hits you but does no damage. The meliai closely misses you.
Your Conjurations skill increases to level 1!
Blink to where?
Press: ? - help, Dir - move target
As you read the scroll of blinking, it crumbles to dust.
The meliai mumbles some strange prayers to its god against you.
Something smites you!
You die...

............)...
###........X.>....
#...........s....s.
#...........)......
###......(....††.....
#..............#....
##..........)^..# ..
#.........§y....#
#.....@†........#
#.........?†....#
##........#^....#
######...#^....#
#....^...#...^##
##.......#...##
##.......##..#
#.........#.##
####.....####


You could see a meliai (poisoned).

Vanquished Creatures
  Frances (D:13)
  Kirke (D:12)
  Gastronok (D:12)
  A fenstrider witch (Swamp:1)
  Nessos (D:12)
  A dire elephant (Lair:6)
  An entropy weaver (Spider:1)
  Azrael (D:13)
  A minotaur (Gauntlet)
  A quicksilver dragon zombie (D:15)
  2 boulder beetles (D:14)
  9 hydras
  2 ogre magi (D:15)
  5 catoblepae
  A death knight (D:13)
  2 centaur warriors
  11 two-headed ogres
  12 death yaks
  A deep troll shaman (Lair:6)
  Urug (D:13)
  Sonja (D:12)
  2 lindwurms
  A deep elf pyromancer (D:13)
  A deep elf zephyrmancer (D:13)
  A tengu skeleton (D:15)
  2 wolf spiders (Spider:1)
  3 oklob plants (Lair:6)
  5 cyclopes
  2 ugly things
  A will-o-the-wisp (Swamp:1)
  8 elephants
  2 manticores
  2 black mambas
  11 cane toads
  2 gargoyles
  Maurice (D:8)
  An unseen horror (D:8)
  2 efreet
  A kobold demonologist (D:12)
  11 komodo dragons
  3 rime drakes
  A burning bush (Lair:1)
  8 meliai
  A hornet (Swamp:1)
  3 trolls
  2 polar bears
  14 blink frogs
  2 dream sheep (D:9)
  2 tarantellas (Spider:1)
  A culicivora (Spider:1)
  5 jumping spiders (Spider:1)
  A vampire (D:13)
  A spriggan (Swamp:1)
  37 yaks
  10 wyverns
  3 wraiths
  10 vampire mosquitoes
  10 basilisks
  2 steam dragons
  2 redbacks (Spider:1)
  A fire elemental (D:13)
  Grum (Lair:1)
  A hog (D:11)
  12 water moccasins
  2 acid dragons
  6 hell hounds
  A floating eye (Lair:6)
  2 sky beasts
  4 black bears
  8 orc warriors
  An ice beast (D:7)
  2 small abominations (Gauntlet)
  5 centaurs
  9 ogres
  A necrophage (D:7)
  10 wolves
  9 kobold brigands
  6 bullfrogs
  2 wyvern zombies
  3 gnoll sergeants
  5 scorpions
  2 water moccasin skeletons (D:4)
  8 killer bees
  4 wights (D:8)
  6 howler monkeys
  2 bullfrog zombies
  A hound (D:5)
  5 orc priests
  A gnoll shaman (D:6)
  A jelly (D:5)
  A centaur skeleton (D:6)
  6 iguanas
  7 orc wizards
  12 hell rats
  A mummy (D:5)
  Robin (D:4)
  3 howler monkey zombies
  16 gnolls
  7 adders
  A white imp (D:7)
  An ufetubus (D:5)
  A worm (D:5)
  5 dart slugs
  23 orcs
  2 endoplasms (D:4)
  2 giant cockroaches (D:4)
  12 goblins
  10 hobgoblins
  A jackal (D:5)
  26 kobolds
  2 quokkas
  6 ball pythons
  4 bats
  2 frilled lizards (D:1)
  6 rats
  A bush (Lair:6)
514 creatures vanquished.

Vanquished Creatures (collateral kills)
  A vampire mosquito (D:15)
1 creature vanquished.

Vanquished Creatures (others)
  A yak (Lair:6)
  A human (D:12)
  A hell rat (Lair:4)
  17 demonic plants (Gauntlet)
  4 foxfires (Swamp:1)
  34 fungi
  79 plants
  14 withered plants (D:15)
151 creatures vanquished.

Grand Total: 666 creatures vanquished

Notes
Turn   | Place    | Note
-------+----------+-------------------------------------------
     0 | D:5      | pkoi the Demigod Delver began the quest for the Orb.
     0 | D:5      | Reached XP level 1. HP: 18/18 MP: 3/3
    26 | D:5      | Noticed an iguana
   100 | D:5      | Noticed a jelly
   127 | D:5      | Noticed a wyvern zombie
   148 | D:4      | Noticed Robin
   831 | D:1      | Reached XP level 2. HP: 25/25 MP: 4/4
  1722 | D:2      | Reached XP level 3. HP: 30/30 MP: 5/5
  2183 | D:3      | Identified the +10 rapier of a Hundred Deaths {drain, rPois
                  | rF+ Int+6 Stlth+}
  2275 | D:3      | Learned a level 2 spell: Poisonous Vapours
  2330 | D:3      | Found a runed translucent door.
  2331 | D:3      | Noticed Crazy Yiuf
  2632 | D:4      | Reached skill level 1 in Armour
  2632 | D:4      | Reached skill level 5 in Stealth
  2632 | D:4      | Reached XP level 4. HP: 29/38 MP: 7/7
  2714 | D:4      | Noticed an ogre
  2721 | D:4      | Killed an ogre
  2722 | D:4      | Reached skill level 1 in Spellcasting
  2722 | D:4      | Reached skill level 1 in Air Magic
  2722 | D:4      | Reached skill level 1 in Poison Magic
  2722 | D:4      | Reached XP level 5. HP: 31/45 MP: 7/9
  2750 | D:4      | Reached skill level 1 in Short Blades
  2835 | D:4      | Reached XP level 6. HP: 41/51 MP: 10/10
  3222 | D:4      | Killed Robin
  4050 | D:5      | Reached XP level 7. HP: 58/58 MP: 12/12
  4235 | D:5      | Reached skill level 2 in Short Blades
  5104 | D:6      | Reached XP level 8. HP: 59/66 MP: 15/15
  5262 | D:6      | Found a staircase to the Ecumenical Temple.
  5279 | D:6      | Reached skill level 3 in Short Blades
  6457 | D:7      | Reached skill level 5 in Unarmed Combat
  6676 | D:7      | Reached skill level 4 in Short Blades
  6735 | D:7      | Reached XP level 9. HP: 66/71 MP: 16/18
  6972 | D:7      | Noticed a two-headed ogre
  7022 | D:7      | Killed a two-headed ogre
  7080 | D:7      | Found Xoligy's Armour Emporium.
  7427 | D:8      | Learned a level 3 spell: Swiftness
  7430 | D:8      | Learned a level 2 spell: Ensorcelled Hibernation
  7498 | D:8      | Reached skill level 5 in Short Blades
  7630 | D:8      | Noticed Maurice
  7640 | D:8      | Killed Maurice
  7650 | D:8      | Noticed a two-headed ogre
  7950 | D:8      | Killed an unseen horror
  7951 | D:8      | Reached skill level 1 in Hexes
  7951 | D:8      | Reached skill level 1 in Ice Magic
  8240 | D:8      | Killed a two-headed ogre
  8241 | D:8      | Reached skill level 5 in Spellcasting
  8241 | D:8      | Reached XP level 10. HP: 80/80 MP: 15/21
  9205 | D:8      | Reached skill level 5 in Fighting
  9305 | D:8      | Found a staircase to the Lair.
  9890 | D:9      | Noticed a two-headed ogre
  9910 | D:9      | Killed a two-headed ogre
  9911 | D:9      | Reached skill level 6 in Short Blades
  9952 | D:9      | Learned a level 2 spell: Passwall
  9965 | D:9      | Noticed a brown ugly thing
 10059 | D:8      | Killed a brown ugly thing
 10570 | D:9      | Noticed a two-headed ogre
 10599 | D:9      | Killed a two-headed ogre
 11883 | D:9      | Noticed a three-headed hydra
 12038 | D:9      | Reached skill level 7 in Short Blades
 12160 | D:9      | Killed a three-headed hydra
 12161 | D:9      | Reached XP level 11. HP: 82/90 MP: 18/22
 12295 | D:10     | Entered Level 10 of the Dungeon
 12357 | D:10     | Learned a level 3 spell: Ignite Poison
 12627 | D:10     | Noticed a two-headed ogre
 12632 | D:10     | Killed a two-headed ogre
 13022 | D:10     | Reached skill level 1 in Transmutations
 13022 | D:10     | Reached skill level 1 in Earth Magic
 13027 | D:10     | Reached skill level 1 in Evocations
 13052 | D:10     | Reached skill level 1 in Fire Magic
 13251 | D:10     | Noticed a two-headed ogre
 13256 | D:10     | Killed a two-headed ogre
 13546 | D:10     | Found a staircase to the Orcish Mines.
 14060 | D:10     | HP: 1/91 [gargoyle/stone arrow (7)]
 15895 | D:12     | Noticed Kirke
 15896 | D:12     | Noticed Nessos
 16035 | D:12     | Noticed Sonja
 16038 | D:12     | Killed Sonja
 16480 | D:12     | Killed Nessos
 16985 | D:12     | Noticed Gastronok
 16988 | D:12     | Killed Kirke
 17080 | D:12     | Killed Gastronok
 17081 | D:12     | Reached skill level 8 in Short Blades
 17469 | D:12     | Reached XP level 12. HP: 100/100 MP: 25/25
 18761 | Lair:1   | Entered Level 1 of the Lair of Beasts
 18797 | Lair:1   | Reached skill level 9 in Short Blades
 19098 | Lair:1   | You fall into a shaft and drop 1 floor!
 19145 | Lair:2   | Identified the +5 chain mail of Sunlight {-Tele rElec
                  | rCorr}
 19372 | Lair:2   | Found a gate leading to a gauntlet.
 19386 | Gauntlet | Entered a Gauntlet
 19386 | Gauntlet | Found a transporter.
 19408 | Gauntlet | Found a transporter.
 19456 | Gauntlet | Found a transporter.
 19465 | Gauntlet | Found a transporter.
 19473 | Gauntlet | Noticed a great orb of eyes
 19482 | Gauntlet | Found a transporter.
 19485 | Gauntlet | Found a transporter.
 19495 | Gauntlet | Found a transporter.
 19496 | Gauntlet | Found a transporter.
 19542 | Gauntlet | Found a transporter.
 19542 | Gauntlet | Found a transporter.
 19547 | Gauntlet | Found a transporter.
 19549 | Gauntlet | Found a transporter.
 19614 | Gauntlet | Identified the +2 helmet of the Forest {Str+2}
 19686 | Gauntlet | Identified the -1 pair of gloves of Anaesthesia {*Slow
                  | Will+ Str+4}
 19755 | Gauntlet | Noticed a minotaur
 19761 | Gauntlet | Killed a minotaur
 19762 | Gauntlet | Reached skill level 5 in Evocations
 20232 | Lair:2   | Noticed a catoblepas
 20270 | Lair:2   | Killed a catoblepas
 21328 | Lair:2   | Identified the +7 lajatang of Latuack {flame, *Rage rElec
                  | Str+9 Int-2}
 21900 | Lair:3   | Found a staircase to the Swamp.
 22019 | Lair:3   | Found a hole to the Spider Nest.
 22565 | Lair:4   | Noticed a six-headed hydra
 22571 | Lair:4   | Killed a six-headed hydra
 22818 | Lair:4   | Reached skill level 10 in Short Blades
 23202 | Lair:4   | Reached XP level 13. HP: 100/107 MP: 26/26
 24819 | Lair:6   | Entered Level 6 of the Lair of Beasts
 24969 | Lair:6   | Reached skill level 10 in Stealth
 25844 | Lair:6   | Reached skill level 11 in Short Blades
 28789 | Lair:6   | Paralysed by a floating eye for 2 turns
 29080 | Lair:6   | Found a runed translucent door.
 29082 | Lair:6   | Identified the +7 flail of the Known World {venom, Str+4}
 29288 | Lair:6   | Identified the +10 spear of Law {venom, Str+2 Int+4}
 29289 | Lair:6   | Noticed Yqaomuips's ghost (journeyman OpVM)
 29530 | Lair:6   | Reached skill level 10 in Fighting
 30255 | Lair:6   | Reached skill level 12 in Short Blades
 30282 | Lair:6   | Reached XP level 14. HP: 121/121 MP: 23/27
 30479 | Lair:6   | Identified the +0 chain mail "Seomomat" {+Inv Str+7}
 30489 | Lair:6   | Learned a level 4 spell: Olgreb's Toxic Radiance
 30585 | Lair:6   | Found a staircase to the Slime Pits.
 30756 | Lair:1   | Noticed Grum
 30763 | Lair:1   | Killed Grum
 31555 | D:13     | Noticed Frances
 31563 | D:13     | Killed Frances
 32170 | D:13     | Noticed Urug
 32178 | D:13     | Killed Urug
 32582 | D:13     | Reached skill level 5 in Poison Magic
 32691 | D:13     | Found a gate to the Vaults.
 32798 | D:14     | Noticed Azrael
 32873 | D:13     | Killed Azrael
 33612 | D:14     | Identified Roxanne's Compendium of the Rocks
 33612 | D:14     | Noticed Roxanne
 34932 | D:15     | Entered Level 15 of the Dungeon
 34938 | D:15     | Found a staircase to the Depths.
 35424 | D:15     | Reached skill level 13 in Short Blades
 35719 | D:14     | Learned a level 4 spell: Summon Lightning Spire
 35725 | D:14     | Learned a level 5 spell: Freezing Cloud
 35788 | D:15     | Found Dufy's Distillery.
 35794 | D:15     | Bought 2 potions of heal wounds for 150 gold pieces
 37060 | Swamp:1  | Entered Level 1 of the Swamp
 37087 | Swamp:1  | Noticed a fenstrider witch
 37093 | Swamp:1  | Killed a fenstrider witch
 37766 | Spider:1 | Entered Level 1 of the Spider Nest
 37948 | Spider:1 | Noticed Mlioglotl
 37949 | Spider:1 | Reached skill level 1 in Conjurations
 37949 | Spider:1 | Killed from afar by a meliai

Illustrated notes

Levels and vault maps discovered:
D:1:      saegor_arrival_miasma, layout_loops_corners
D:2:      layout_basic, corner_web_ring
D:3:      layout_rooms, serial_bayou_pond_c, uniq_crazy_yiuf_cottage
D:4:      layout_cave_pools, amcnicky_altar_gilded,
          mainiacjoe_overflow_boulevard, kennysheep_mini_moat, tso_metal_star,
          moated_statue, uniq_robin
D:5:      layout_basic, elyvilon_altar_4, slow_altar_1,
          overflow_temple_1_default, serial_rivers,
          chequers_serial_rivers_micro_e, chequers_serial_rivers_micro_b,
          chequers_serial_rivers_marsh, chequers_serial_rivers_large_b,
          minmay_fractal_squares_5
D:6:      layout_loops_corners, minmay_temple_entry_glassed_door
D:7:      layout_basic, grunt_gozag_breadcrumbs, serial_shops,
          nicolae_shop_advertising_works [nicolae_subvault_shop_adworks],
          minmay_misc_feat_cross
D:8:      layout_basic, lemuel_tele_altar, erik_lair_dragon,
          minmay_splitting_lines, uniq_maurice
D:9:      layout_roguey, nicolae_uskayaw_dance_hall, serial_rivers,
          chequers_serial_rivers_large_a, chequers_serial_rivers_micro_d,
          chequers_serial_rivers_micro_d, chequers_serial_rivers_micro_d,
          chequers_serial_rivers_micro_a, hangedman_ranch
D:10:     layout_irregular_city, mainiacjoe_overflow_catwalk,
          nicolae_ru_awakened_eye, david_orc_4, roderic_serpentine_path,
          lightli_fourway_metalbox
D:11:     layout_loops_corners
D:12:     layout_basic, corexii_checkpoint_b, minivault_19, uniq_gastronok,
          uniq_sonja, uniq_nessos, uniq_kirke
D:13:     layout_loops_ring, david_vaults_1, uniq_frances, uniq_urug
D:14:     layout_long_grid, special_room [special_room_mythical_zoo],
          kennysheep_another_room, uniq_azrael, uniq_roxanne
D:15:     gammafunk_depths_entry_grave, layout_gridville, serial_shops,
          shop_statue, minmay_door_square, enter_trove_3
Lair:1:   layout_loops_ring, evilmike_ambush [evilmike_ambush_outer_basic,
          evilmike_ambush_inner_basic], uniq_grum
Lair:2:   nzn_winding_woodlands_cross
          [nzn_winding_woodlands_5x15_pathside_ponds,
          nzn_winding_woodlands_5x15_garden, nzn_winding_woodlands_5x15_crooked,
          nzn_winding_woodlands_5x15_twine,
          nzn_winding_woodlands_15x15_thick_spiral], layout_cave_pods,
          gauntlet_entry_generic
Lair:3:   layout_roguey, swamp_mist, dummy_spider_entry, lemuel_fruit_fields
Lair:4:   layout_big_grid
Lair:5:   layout_small_grid
Lair:6:   grunt_lair_end_beastmaster, layout_gridlike,
          minmay_slime_entry_oklob_enclosed, ebering_ghost_funeral_grove,
          disabler_island
Swamp:1:  layout_basic_swamp, nicolae_swamp_little_swirl
Spider:1: layout_spider_delve, uniq_mlioglotl

Skill      XL: |  1  2  3  4  5  6  7  8  9 10 11 12 13 14 |
---------------+-------------------------------------------+-----
Unarmed Combat | 2 3 4 5 6 |  6.9
Fighting       | 3 4 6 7 8 10 | 10.0
Armour         | 1 2 4 |  4.0
Stealth        | 5 7 8 9 11 | 11.0
Dodging        | 2 3 4 |  4.0
Spellcasting   | 1 2 3 5 6 7 |  7.3
Air Magic      | 1 2 3 4 |  4.4
Poison Magic   | 1 2 3 4 6 |  6.0
Short Blades   | 1 2 4 5 7 8 10 12 13 | 13.1
Hexes          | 1 3 4 |  4.0
Ice Magic      | 1 3 |  3.4
Transmutations | 3 4 |  4.7
Earth Magic    | 3 4 |  4.3
Evocations     | 3 6 |  6.0
Fire Magic     | 3 |  3.0
Conjurations   | 1 |  1.0

Action                   |  1- 3 |  4- 6 |  7- 9 | 10-12 | 13-15 || total
-------------------------+-------+-------+-------+-------+-------++-------
Melee: Short sword       |    84 |       |       |       |       ||    84
       Unarmed           |     4 |       |       |    10 |       ||    14
       Punch             |     4 |       |     8 |     7 |    10 ||    29
       Rapier            |    21 |    88 |   232 |   252 |   191 ||   784
Throw: Dart              |       |       |       |       |     1 ||     1
 Cast: Poisonous Vapours |       |       |    20 |   175 |   162 ||   357
       Ensorcelled Hiber |       |       |       |    55 |    37 ||    92
       Ignite Poison     |       |       |       |    54 |    93 ||   147
       Olgreb's Toxic Ra |       |       |       |       |    17 ||    17
       Freezing Cloud    |       |       |       |       |     8 ||     8
       Summon Lightning  |       |       |       |       |     3 ||     3
Evoke: Wand              |       |       |       |     6 |    10 ||    16
       Condenser vane    |       |       |       |       |     1 ||     1
  Use: Scroll            |     5 |       |     4 |     6 |    17 ||    32
       Potion            |       |       |       |     1 |       ||     1
 Stab: Sleeping          |     7 |       |     1 |    44 |    30 ||    82
       Distracted        |       |       |       |     2 |     1 ||     3
       Confused          |       |       |       |     1 |       ||     1
       Paralysed         |       |       |       |     1 |     1 ||     2
       Petrified         |       |       |       |       |     1 ||     1
Armor: Leather armour    |    11 |       |       |       |       ||    11
       Plate armour      |    50 |    76 |   111 |       |       ||   237
       Steam dragon scal |       |       |    33 |    97 |   123 ||   253
Dodge: Dodged            |    54 |    39 |   159 |   307 |   311 ||   870
